Map: Pillars of Gold LE

Players

Dark - Winner!

  • Race: Zerg Zerg
  • Spawn Location: 7:00

Reynor

  • Race: Zerg Zerg
  • Spawn Location: 1:00

Event: IEM Katowice 2021

VOD

Have the link to the VOD?

Description

Time

  • Played on: Feb. 27, 2021, 8:48 a.m.
  • Length: 10:27

All games in this series

Show
View Real Time Build Order
Export as new Build Order

Dark Zerg - Winner!

Build Orders: Hatch First 

Get SALT Encoding   

  12  0:00  Drone  
  13  0:13  Overlord  
  13  0:17  Drone  
  14  0:32  Drone x2  
  16  0:51  Hatchery  
  16  0:54  Drone  
  16  0:57  Drone  
  16  1:00  Drone  
  18  1:10  Extractor  
  17  1:16  Spawning Pool  
  16  1:19  Drone  
  16  1:22  Drone  
  18  1:29  Drone  
  19  1:40  Drone  
  20  1:51  Drone  
  21  2:02  Queen  
  21  2:03  Queen  
  21  2:04  Drone  
  21  2:05  Drone  
  27  2:12  Overlord  
  27  2:13  Metabolic Boost  
  27  2:18  Drone  
  28  2:31  Drone  
  28  2:32  Drone  
  28  2:34  Zergling x2  
  31  2:38  Drone  
  31  2:43  Hatchery  
  31  2:49  Queen  
  33  2:56  Baneling Nest  
  32  2:59  Overlord  
  32  3:02  Zergling x2  
  33  3:08  Drone  
  33  3:12  Zergling x4  
  35  3:20  Drone x3  
  35  3:21  Drone x2  
  40  3:28  Zergling x6  
  43  3:41  Baneling x3  
  43  3:44  Overlord  
  43  3:46  Overlord  
  43  3:47  Overlord  
  43  3:52  Overlord  
  43  3:53  Baneling  
  43  4:03  Baneling, Drone x4  
  43  4:04  Hatchery, Drone  
  43  4:09  Zergling x2  
  48  4:19  Zergling x10  
  51  4:32  Drone x2  
  53  4:39  Drone x3  
  53  4:41  Extractor  
  53  4:43  Drone x5  
  53  4:45  Baneling x2  
  60  4:46  Evolution Chamber, Roach Warren  
  58  4:55  Drone x2  
  58  4:59  Extractor  
  59  5:00  Baneling x2  
  59  5:05  Baneling x3  
  59  5:06  Zergling x4  
  58  5:11  Zerg Missile Weapons Level 1  
  57  5:18  Zergling x6  
  60  5:21  Zergling x2  
  60  5:22  Zergling x4  
  60  5:24  Overlord  
  63  5:36  Zergling x2  
  63  5:37  Zergling x8  
  67  5:43  Lair  
  67  5:44  Overlord  
  67  5:48  Roach x2  
  67  5:49  Roach  
  73  5:50  Roach  
  73  5:51  Roach x2  
  73  5:54  Roach x3  
  73  5:56  Drone  
  85  6:01  Roach x2  
  87  6:09  Roach  
  86  6:12  Drone x2  
  86  6:14  Drone  
  87  6:20  Drone x2  
  87  6:21  Roach, Drone  
  92  6:26  Drone  
  92  6:30  Extractor  
  92  6:31  Extractor, Drone x2  
  93  6:38  Overlord  
  93  6:42  Glial Reconstitution  
  93  6:44  Drone x4  
  93  6:45  Overseer  
  93  6:46  Overlord x3  
  96  6:57  Drone x3  
  96  7:00  Drone x2  
  96  7:01  Drone  
  102  7:03  Roach x2  
  106  7:09  Roach x2  
  106  7:10  Roach  
  106  7:12  Roach x2  
  116  7:15  Spine Crawler  
  116  7:18  Roach x3  
  116  7:21  Roach x2  
  123  7:24  Roach x2  
  123  7:27  Roach  
  128  7:38  Overlord x2  
  128  7:41  Roach  
  125  7:45  Roach x3  
  125  7:46  Roach x2  
  128  7:53  Roach  
  128  7:57  Overlord x2, Spire  
  128  8:00  Roach x2  
  128  8:01  Overlord x2  
  129  8:07  Roach x2  
  129  8:08  Roach  
  129  8:10  Roach  
  129  8:11  Extractor  
  129  8:12  Roach  
  138  8:16  Roach  
  138  8:17  Roach  
  142  8:20  Roach  
  142  8:21  Roach  
  142  8:23  Drone x2  
  148  8:30  Drone  
  148  8:31  Drone x2  
  151  8:43  Hatchery  
  148  9:08  Mutalisk  
  148  9:09  Mutalisk x7  
  164  9:10  Mutalisk  
  166  9:17  Overlord x5  
  166  9:21  Roach x2  
  170  9:26  Roach  
  170  9:27  Roach x2  
  170  9:29  Overlord  
  176  9:33  Overlord  
  176  9:37  Roach x3  
  182  9:41  Roach  
  182  9:42  Roach  
  176  9:48  Roach x3  
  176  9:50  Roach  
Show
View Real Time Build Order
Export as new Build Order

Reynor Zerg 

Build Orders: Hatch First 

Get SALT Encoding   

  12  0:00  Drone  
  13  0:12  Overlord  
  13  0:17  Drone  
  14  0:30  Drone x2  
  16  0:50  Hatchery  
  16  0:53  Drone  
  16  0:57  Drone  
  16  1:01  Drone  
  18  1:07  Extractor  
  17  1:16  Spawning Pool  
  16  1:19  Drone  
  16  1:23  Drone  
  18  1:28  Drone  
  19  1:38  Drone  
  20  1:49  Drone  
  21  2:03  Zergling x2  
  21  2:04  Queen x2  
  21  2:06  Metabolic Boost  
  26  2:11  Overlord  
  26  2:14  Drone  
  27  2:18  Drone  
  28  2:30  Drone x2  
  28  2:32  Drone  
  31  2:41  Hatchery  
  30  2:44  Zergling x2  
  30  2:46  Zergling x2  
  32  2:51  Overlord  
  32  2:53  Zergling x2  
  32  2:56  Zergling x2  
  34  3:05  Zergling x2  
  35  3:08  Baneling Nest  
  35  3:09  Zergling x2  
  35  3:14  Zergling x4  
  35  3:15  Zergling x4  
  35  3:18  Overlord  
  39  3:28  Overlord  
  39  3:37  Drone  
  39  3:39  Zergling x4  
  39  3:40  Drone  
  43  3:43  Zergling x2  
  43  3:47  Drone  
  43  3:48  Evolution Chamber, Drone x2  
  46  3:49  Drone  
  46  3:51  Drone  
  46  3:55  Drone  
  48  3:56  Drone  
  48  3:59  Baneling x2  
  48  4:01  Drone  
  50  4:06  Baneling  
  50  4:07  Baneling  
  50  4:10  Queen  
  52  4:18  Drone x3  
  52  4:20  Overlord  
  52  4:27  Drone  
  52  4:28  Drone x3  
  52  4:31  Overlord  
  53  4:34  Drone x2  
  53  4:36  Zergling x2  
  55  4:42  Extractor  
  55  4:44  Extractor, Lair  
  53  4:46  Drone x2  
  53  4:47  Drone  
  53  4:49  Zergling x2  
  57  4:53  Zergling x4  
  57  4:56  Overlord  
  57  4:58  Drone  
  60  5:00  Drone  
  60  5:03  Drone  
  59  5:08  Drone x2  
  59  5:09  Roach Warren  
  59  5:12  Overlord  
  60  5:14  Zerg Missile Weapons Level 1  
  60  5:19  Drone x2  
  60  5:20  Drone  
  63  5:24  Overlord  
  63  5:29  Drone x2  
  63  5:30  Overlord  
  63  5:32  Zergling x6  
  63  5:35  Zergling x4  
  67  5:39  Zergling x4  
  69  5:49  Roach x2  
  77  5:50  Roach x2  
  77  5:54  Baneling x3  
  65  6:04  Roach  
  65  6:05  Roach x5  
  65  6:09  Roach  
  72  6:14  Glial Reconstitution  
  72  6:18  Roach x3  
  77  6:24  Roach  
  79  6:30  Roach x2  
  79  6:31  Drone x3  
  86  6:35  Roach  
  86  6:37  Roach  
  90  6:40  Overlord  
  89  6:48  Roach x2  
  89  6:51  Roach  
  89  6:52  Roach  
  89  6:54  Roach x2  
  101  6:56  Overlord  
  101  7:01  Roach  
  101  7:04  Roach x2  
  101  7:05  Roach  
  101  7:08  Zergling x2, Roach  
  112  7:10  Zergling x2  
  113  7:17  Overlord  
  113  7:20  Roach x2  
  117  7:24  Roach  
  117  7:26  Overlord  
  117  7:28  Roach  
  121  7:30  Overlord  
  121  7:33  Overlord  
  120  7:38  Roach x4  
  120  7:42  Roach x2  
  124  7:45  Drone  
  124  7:47  Drone  
  124  7:50  Queen  
  110  7:59  Drone x3  
  110  8:02  Drone  
  114  8:08  Zerg Missile Weapons Level 2  
  114  8:10  Drone  
  115  8:13  Drone x2  
  115  8:19  Drone x3  
  120  8:20  Drone  
  120  8:22  Drone  
  120  8:25  Extractor, Drone  
  120  8:26  Extractor, Drone  
  122  8:28  Drone  
  123  8:35  Roach x3  
  123  8:38  Ravager  
  123  8:40  Ravager  
  131  8:42  Ravager  
  131  8:43  Drone x2  
  131  8:45  Roach  
  136  8:51  Roach x2  
  136  8:54  Overlord  
  138  8:56  Roach  
  138  9:01  Drone x3  
  143  9:03  Roach x3  
  143  9:08  Overlord  
  143  9:09  Roach  
  151  9:11  Ravager  
  151  9:13  Roach  
  151  9:14  Roach  
  158  9:17  Roach  
  158  9:19  Queen  
  158  9:23  Overlord  
  160  9:27  Roach x2  
  160  9:30  Roach x2  
  168  9:35  Overlord  
  168  9:36  Roach  
  170  9:40  Queen  
  164  9:46  Queen  

Tags
 
Add a new tag
Caveats
  • Supply blocks, unpowered buildings, or Contaminate may cause inaccurate times.
  • Supply counts are checked every 10 seconds.